 Dungeon Crawl Stone Soup version 0.29.0-11-gd7f09526c8 (webtiles) character file.

Game seed: 3792662250261813700

3005 pacmanke6689 the Cleaver (level 9, -1/77 HPs)
             Began as a Yellow Draconian Fighter on Sept 4, 2022.
             Was a Believer of Dithmenos.
             Killed from afar by a gargoyle (24 damage)
             ... with a stone arrow
             ... on level 7 of the Dungeon.
             The game lasted 00:20:50 (7448 turns).

pacmanke6689 the Cleaver (Yellow Draconian Fighter) Turns: 7448, Time: 00:20:51

Health: -1/77      AC:  9    Str: 19    XL:     9   Next: 54%
Magic:  9/9        EV: 12    Int: 11    God:    Dithmenos [**....]
Gold:   380        SH: 13    Dex: 14    Spells: 8/8 levels left

rFire   x . .      SeeInvis .   a - +2 war axe
rCold   . . .      Faith    .   l - +3 kite shield of Hashrez {rF- Will+ Int+2 Stlth+}
rNeg    . . .      Spirit   .   (body armour unavailable)
rPois   .          Reflect  .   (helmet restricted)
rElec   .          Harm     .   (no cloak)
rCorr   +          Rampage  .   (no gloves)
Will    +....                   m - +1 pair of boots
Stlth   ++++......              h - amulet of the acrobat
HPRegen 0.22/turn               (no ring)
MPRegen 0.11/turn               (no ring)

@: wreathed by umbra
A: spit acid, AC +7, unfitting armour, cold-blooded, acid resistance
a: Breathe Acid, Renounce Religion, Shadow Step


You were on level 7 of the Dungeon.
You worshipped Dithmenos.
Dithmenos was pleased with you.
You visited 1 branch of the dungeon, and saw 7 of its levels.

You collected 380 gold pieces.

Inventory:

Hand Weapons
 a - a +2 war axe (weapon)
Armour
 b - a +0 buckler
 l - the +3 kite shield of Hashrez (worn) {rF- Will+ Int+2 Stlth+}
   (You found it on level 3 of the Dungeon)

   Int:       It affects your intelligence (+2).
   rF:        It makes you vulnerable to fire.
   Will:      It increases your willpower.
   Stlth:     It makes you more stealthy.
 m - a +1 pair of boots (worn)
Jewellery
 h - an amulet of the acrobat (around neck)
 n - a ring of poison resistance
Wands
 f - a wand of iceblast (6)
 p - a wand of flame (4)
Scrolls
 j - a scroll of torment
Potions
 d - a potion of cancellation
 e - 2 potions of resistance
 g - a potion of invisibility
 k - a potion of brilliance {unknown}
 q - a potion of degeneration {unknown}
 u - a potion of mutation {unknown}


   Skills:
 + Level 6.3 Fighting
 + Level 9.9 Axes
 + Level 5.2 Dodging
 + Level 3.0 Stealth
 + Level 5.9 Shields


You had 8 spell levels left.
You didn't know any spells.
Your spell library contained the following spells:

 Spells                   Type           Power      Damage    Failure   Level
 Blade Hands              Tmut           0%         N/A       100%        5
 Summon Forest            Summ/Tloc      0%         N/A       100%        5
 Summon Mana Viper        Hex/Summ       0%         N/A       100%        5
 Iron Shot                Conj/Erth      0%         9d1       100%        6
 Summon Cactus Giant      Summ           0%         N/A       100%        6
 Animate Armour           Summ/Erth      Unusable   N/A       N/A         4

Dungeon Overview and Level Annotations

Branches:
Dungeon (7/15)             Temple (0/1) D:6

Altars:
Dithmenos
Hepliaklqana
Nemelex Xobeh
Qazlal
Trog


Innate Abilities, Weirdness & Mutations

You can spit globs of acid.
Your golden yellow scales are hard. (AC +7)
You cannot fit into any form of body armour.
You are cold-blooded and may be slowed by cold attacks.
You are resistant to acid. (rCorr)


Message History

The gargoyle hurls a stone arrow at you.
You block the stone arrow.
You hit the gargoyle but do no damage.
The gargoyle is moderately damaged.
The gargoyle hurls a stone arrow at you.
You block the stone arrow.
You hit the gargoyle but do no damage.
The gargoyle is moderately damaged.
The gargoyle hits you with a +1 vorpal mace!
You barely miss the gargoyle.
The gargoyle is moderately damaged.
The gargoyle hits you with a +1 vorpal mace.
You hit the gargoyle.
The gargoyle is moderately damaged.
The gargoyle barely misses you.
The gargoyle hits you with a +1 vorpal mace!
You hit the gargoyle but do no damage.
The gargoyle is moderately damaged.
The gargoyle hits you with a +1 vorpal mace!
You hit the gargoyle but do no damage.
The gargoyle is moderately damaged.
You block the gargoyle's attack.
You hit the gargoyle.
The gargoyle is heavily damaged.
You block the gargoyle's attack.
You hit the gargoyle.
The gargoyle is heavily damaged.
The gargoyle closely misses you.
You closely miss the gargoyle.
The gargoyle is heavily damaged.
The gargoyle hits you with a +1 vorpal mace!
* * * LOW HITPOINT WARNING * * *
x2 You feel better.
The gargoyle hits you with a +1 vorpal mace.
* * * LOW HITPOINT WARNING * * *
x2 You hit the gargoyle but do no damage.
The gargoyle is heavily damaged.
The gargoyle hurls a stone arrow at you.
The stone arrow hits you!!
You die...

.............
.............
............###
..!....!......
..........§.#
......§.....#
......§.§...#
......§9@§..#
......§.....#
.......§§...#
............#
............#
............#
.###.#.######
.... ##.#.


You could see a gargoyle.

Vanquished Creatures
  Maggie (D:6)
  Grinder (D:4)
  Prince Ribbit (D:5)
  Sigmund (D:5)
  A wyvern (D:4)
  Eustachio (D:4)
  Menkaure (D:6)
  Duvessa (D:4)
  A water moccasin (D:6)
  2 sky beasts
  2 ice beasts (D:6)
  2 ogres (D:6)
  A kobold brigand (D:6)
  Blork the orc (D:6)
  Dowan (D:4)
  2 howler monkeys
  A centaur zombie (D:3)
  6 hounds
  3 jellies
  An orc priest (D:5)
  3 iguanas
  Ijyb (D:3)
  Natasha (thrice) (D:4)
  An orc wizard (D:4)
  A hound zombie (D:3)
  7 gnolls
  7 adders
  An ufetubus (D:4)
  2 adder skeletons (D:3)
  4 worms
  8 dart slugs
  18 orcs
  6 bats
  7 endoplasms
  5 goblins
  6 hobgoblins
  3 jackals (D:1)
  9 kobolds
  4 quokkas
  5 ball pythons
  7 frilled lizards
  A quokka skeleton (D:3)
  5 rats
145 creatures vanquished.

Vanquished Creatures (others)
  8 plants (D:2)
  A withered plant (D:3)
9 creatures vanquished.

Grand Total: 154 creatures vanquished

Notes
Turn   | Place    | Note
-------+----------+-------------------------------------------
     0 | D:1      | pacmanke6689 the Draconian Fighter began the quest for the
                  | Orb.
     0 | D:1      | Reached XP level 1. HP: 19/19 MP: 1/1
     0 | D:1      | Found a faded altar of an unknown god.
   602 | D:1      | Reached XP level 2. HP: 26/26 MP: 2/2
  1072 | D:2      | Reached skill level 3 in Axes
  1344 | D:2      | Reached XP level 3. HP: 29/31 MP: 3/3
  2176 | D:3      | Reached skill level 4 in Axes
  2176 | D:3      | Reached XP level 4. HP: 36/38 MP: 4/4
  2287 | D:3      | Identified the +3 kite shield of Hashrez {rF- Will+ Int+2
                  | Stlth+}
  2416 | D:3      | Noticed a sky beast
  2428 | D:3      | Killed a sky beast
  2429 | D:3      | Reached skill level 5 in Axes
  2429 | D:3      | Reached XP level 5. HP: 30/45 MP: 5/5
  2670 | D:3      | Noticed Ijyb
  2682 | D:3      | Killed Ijyb
  2697 | D:3      | Found a sparkling altar of Nemelex Xobeh.
  2794 | D:3      | Found a hazy altar of Hepliaklqana.
  2794 | D:3      | Found a shadowy altar of Dithmenos.
  2796 | D:3      | Noticed a shadow
  2817 | D:3      | Became a worshipper of Dithmenos the Shadowed
  2998 | D:3      | Noticed a moth of wrath
  3002 | D:3      | Found a bloodstained altar of Trog.
  3025 | D:3      | Reached skill level 6 in Axes
  3455 | D:4      | You fall into a shaft and drop 1 floor!
  3455 | D:5      | Entered Level 5 of the Dungeon
  3474 | D:5      | Reached XP level 6. HP: 51/51 MP: 6/6
  3688 | D:5      | Noticed Sigmund
  3933 | D:4      | Reached * piety under Dithmenos
  3948 | D:4      | Found a stormy altar of Qazlal.
  3987 | D:4      | Noticed a wyvern
  4002 | D:4      | Killed a wyvern
  4003 | D:4      | Your scales start taking on a golden yellow colour.
  4003 | D:4      | Reached XP level 7. HP: 35/59 MP: 7/7
  4003 | D:4      | Gained mutation: You are resistant to acid. (rCorr) [Yellow
                  | Draconian growth]
  4190 | D:4      | Noticed Natasha
  4192 | D:4      | Reached skill level 1 in Stealth
  4209 | D:4      | Killed Natasha
  4297 | D:4      | Noticed Natasha
  4308 | D:4      | Killed Natasha
  4364 | D:4      | Noticed Duvessa
  4367 | D:4      | Noticed Dowan
  4374 | D:4      | Noticed Eustachio
  4389 | D:4      | Killed Duvessa
  4390 | D:4      | Reached skill level 7 in Axes
  4406 | D:4      | Noticed Natasha
  4413 | D:4      | Killed Eustachio
  4422 | D:4      | Killed Dowan
  4700 | D:4      | Noticed Grinder
  4700 | D:4      | Paralysed by Grinder for 5 turns
  4709 | D:4      | Killed Natasha
  4711 | D:4      | Paralysed by Grinder for 2 turns
  4719 | D:4      | Killed Grinder
  4720 | D:4      | Reached XP level 8. HP: 55/67 MP: 8/8
  5314 | D:5      | Reached skill level 8 in Axes
  5332 | D:5      | Noticed Prince Ribbit
  5356 | D:5      | Killed Prince Ribbit
  5357 | D:5      | Reached skill level 5 in Fighting
  5630 | D:5      | Killed Sigmund
  5631 | D:5      | Reached skill level 5 in Shields
  5960 | D:6      | Noticed Menkaure
  5974 | D:6      | Killed Menkaure
  6071 | D:6      | Reached XP level 9. HP: 65/75 MP: 9/9
  6171 | D:6      | Reached skill level 9 in Axes
  6239 | D:6      | Reached ** piety under Dithmenos
  6664 | D:6      | Noticed Maggie
  6694 | D:6      | Killed Maggie
  6695 | D:6      | Reached skill level 5 in Dodging
  6955 | D:6      | Found a staircase to the Ecumenical Temple.
  7132 | D:6      | Noticed Blork the orc
  7161 | D:6      | Killed Blork the orc
  7427 | D:7      | Noticed a gargoyle
  7448 | D:7      | Killed from afar by a gargoyle

Illustrated notes

Levels and vault maps discovered:
D:1:      saegor_arrival_simple_a, layout_loops_corners,
          hellmonk_ecumenical_altar_dog_temple
D:2:      layout_loops_ring, minmay_lizard_king
D:3:      minmay_spotlight, layout_loops_ring,
          riverfiend_overflow_shadow_ancestor, tgw_trog,
          nemelex_dance_club_becter, serial_undead, serial_undead_c,
          serial_undead_b, serial_undead_d, serial_undead_b,
          dreamdust_princess_corridor, uniq_ijyb
D:4:      layout_loops_ring, marbit_many_paths, uniq_duvessa, uniq_grinder,
          uniq_natasha, uniq_eustachio
D:5:      kennysheep_slugbush, layout_basic, uniq_prince_ribbit1, uniq_sigmund
D:6:      layout_basic, minmay_temple_entry_hall, serial_glass, glass_columns_b,
          glass_columns_a, glass_columns_c, minmay_misc_feat_x, uniq_maggie,
          uniq_menkaure, uniq_blork_the_orc
D:7:      layout_basic, uniq_crazy_yiuf_cottage

Skill      XL: |  1  2  3  4  5  6  7  8  9 |
---------------+----------------------------+-----
Axes           | 3 4 5 6 7 8 9 |  9.9
Dodging        | 3 4 5 |  5.2
Fighting       | 4 5 6 |  6.3
Stealth        | 1 2 3 |  3.0
Shields        | 4 5 |  5.9

Action                   |  1- 3 |  4- 6 |  7- 9 || total
-------------------------+-------+-------+-------++-------
Melee: War axe           |   111 |   135 |   269 ||   515
       Tailslap          |     9 |    18 |    35 ||    62
  Use: Scroll            |     5 |     6 |     7 ||    18
       Potion            |       |       |     3 ||     3
 Stab: Sleeping          |     1 |     1 |     6 ||     8
       Distracted        |       |       |     1 ||     1
Armor: Skin              |    49 |    32 |    45 ||   126
Dodge: Dodged            |    85 |    73 |   126 ||   284
Block: Buckler           |    16 |     8 |       ||    24
       Kite shield       |       |    56 |   150 ||   206
